 Dungeon Crawl Stone Soup version 0.30-a0-1094-g860fb061e7 (webtiles) character file.

Game seed: 2043227638343927021

68 lunkers the Slasher (level 4, 0/38 HPs)
             Began as a Meteoran Fighter on Apr 17, 2023.
             Killed by divine providence
             ... invoked by an orc priest
              (12 damage)
             ... on level 4 of the Dungeon.
             The game lasted 00:01:26 (1034 turns).

lunkers the Slasher (Meteoran Fighter)              Turns: 1034, Time: 00:01:27

Health: 0/38       AC:  6    Str: 18    XL:     4   Next: 68%
Magic:  5/5        EV:  9    Int:  9    God:
Gold:   73         SH:  5    Dex: 15    Spells: 3/3 levels left

rFire   . . .      SeeInvis .    b - +1 short sword (venom)
rCold   . . .      Faith    .    c - +0 buckler
rNeg    . . .      Spirit   .    h - +0 scale mail
rPois   .          Reflect  .    (no helmet)
rElec   .          Rampage  .    (no cloak)
rCorr   .                        (no gloves)
Will    .....                    (no boots) Stlth
                                 (no amulet)
HPRegen 0.26/turn                (no ring)
MPRegen 0.09/turn                (no ring)

@: glowing
A: sense surroundings 1, otherworldly, glowing, explore regen
a: no special abilities


You were on level 4 of the Dungeon.
You visited 1 branch of the dungeon, and saw 4 of its levels.

You collected 73 gold pieces.

Inventory:

Hand Weapons
 a - a +0 long sword
 b - a +1 short sword of venom (weapon)
Armour
 c - a +0 buckler (worn)
 h - a +0 scale mail (worn)
Wands
 k - a wand of polymorph (4)
 l - a wand of digging (4)
Scrolls
 e - 4 scrolls of identify {unknown}
 f - a scroll of fog {unknown}
 g - a scroll of teleportation {unknown}
 j - a scroll of noise {unknown}
 n - a scroll of enchant weapon {unknown}
 p - a scroll of immolation {unknown}
 q - a scroll of enchant armour {unknown}
Potions
 d - 2 potions of might
 i - a potion of resistance {unknown}
 m - a potion of mutation {unknown}
 o - 3 potions of curing {unknown}


   Skills:
 - Level 3.2 Fighting
 + Level 2.9(3.7) Short Blades
 - Level 3.9(4.5) Long Blades
 - Level 3.6 Armour
 - Level 3.6 Shields


You had 3 spell levels left.
You didn't know any spells.
Your spell library contained the following spells:

 Spells                   Type           Power      Damage    Failure   Level
 Magic Dart               Conj           0%         1d3       86%         1
 Searing Ray              Conj           0%         2d4       94%         2
 Fulminant Prism          Conj/Hex       0%         3d5       100%        4


Dungeon Overview and Level Annotations

Branches:
Dungeon (4/15) Zot: 1359
 Temple: D:4-7

Altars:


Innate Abilities, Weirdness & Mutations

You passively map a small area around you.
You are easily found by Zot.
You glow in the dark.
You regain HP and MP as you explore.


Message History

You kill the orc!
The orc priest invokes the aid of Beogh against you.
Pain shoots through your body!
* * * LOW HITPOINT WARNING * * *
An orc comes into view. It is wielding a +0 short sword.
You closely miss the orc priest.
The orc priest hits you with a +0 short sword.
* * * LOW HITPOINT WARNING * * *
An orc comes into view. It is wielding a +0 hand axe.
You hit the orc priest but do no damage.
The orc priest completely misses you.
You hit the orc priest but do no damage.
The orc priest mumbles some strange prayers to Beogh against you.
Pain shoots through your body!
* * * LOW HITPOINT WARNING * * *
You hit the orc priest.
The orc priest is poisoned.
The orc priest is lightly wounded.
You hit the orc priest but do no damage.
The orc priest is moderately wounded.
The orc priest hits you but does no damage.
You hit the orc priest.
The orc priest is heavily wounded.
The orc priest barely misses you.
You hit the orc priest but do no damage.
The orc priest looks as sick as possible!
The orc priest is heavily wounded.
The orc priest hits you with a +0 short sword.
* * * LOW HITPOINT WARNING * * *
You barely miss the orc priest.
The orc priest is severely wounded.
The orc priest hits you but does no damage.
You hit the orc priest but do no damage.
The orc priest is almost dead.
The orc priest hits you but does no damage.
You hit the orc priest but do no damage.
The orc priest looks as sick as possible!
The orc priest is almost dead.
The orc priest mumbles some strange prayers to Beogh against you.
Beogh smites you!
You die...

,#.................#* ,
*+####......#...###.#...# ..
, #......#.#.......+...#*....
#......#.#.......#...##.....
,#......#.+.....###..........
,
###+######.....+,...........
, #.......# #..........
,#.....#####.......... ,
##.##.@ooo..)........ *
*#.#####o....)....... , ,
#+#* *#............. 8, ,
.............#### * ,
,,,,................., 8
.......########.## , ,
,........ .. , #....... , # ,
*...... , , *


You could see an orc priest (extremely poisoned) and 3 orcs.

Vanquished Creatures
  Jessica (D:3)
  An adder (D:3)
  An orc (D:4)
  3 endoplasms (D:1)
  5 hobgoblins
  5 jackals (D:1)
  4 kobolds
  2 quokkas (D:3)
  A ball python (D:1)
  A bat (D:3)
  4 goblins
  A rat (D:2)
29 creatures vanquished.

Notes
Turn   | Place    | Note
-------+----------+-------------------------------------------
     0 | D:1      | lunkers the Meteoran Fighter began the quest for the Orb.
     0 | D:1      | Reached XP level 1. HP: 19/19 MP: 2/2
    83 | D:1      | Reached XP level 2. HP: 26/26 MP: 3/3
   270 | D:1      | Reached XP level 3. HP: 31/31 MP: 4/4
   610 | D:3      | Noticed Jessica
   618 | D:3      | Killed Jessica
   619 | D:3      | Reached XP level 4. HP: 33/38 MP: 5/5
  1034 | D:4      | Killed from afar by an orc priest

Illustrated notes

Levels and vault maps discovered:
D:1:      grunt_arrival_crossed_arrows, layout_loops_ring
D:2:      layout_basic, basic_altar, grunt_decor_clamped
D:3:      layout_loops_corners, uniq_jessica
D:4:      layout_basic, zin_treasury, minmay_temple_entry_statues_pillars,
          nicolae_wormholes

Skill      XL: |  1  2  3 |
---------------+----------+-----
Long Blades    | 3 |  3.9
Short Blades   | 2 |  2.9
Fighting       | |  3.2
Armour         | |  3.6
Shields        | |  3.6

Action                     |  1- 3 |  4- 6 || total
---------------------------+-------+-------++-------
  Melee: Long sword        |    53 |       ||    53
         Short sword       |    14 |    45 ||    59
 Armour: Scale mail        |    26 |    15 ||    41
  Dodge: Dodged            |    27 |    11 ||    38
  Block: Buckler           |    19 |     6 ||    25

Table legend: (Time is in decaauts)
 A = Elapsed time spent in this place.
 B = Non-inter-level travel time spent in this place.
 C = Inter-level travel time spent in this place.
 D = Time resting spent in this place.
 E = Time spent auto-exploring this place.
 F = Levels seen in this place.
 G = Mean time per level.
                   A        B        C        D        E       F      G
               +--------+--------+--------+--------+--------+-----+--------+
         Total |   1040 |   1040 |      0 |      0 |    805 |   4 |  260.0 |
       Dungeon |   1040 |   1040 |      0 |      0 |    805 |   4 |  260.0 |
               +--------+--------+--------+--------+--------+-----+--------+

Top non-repeatable levels by time:
     D:3: 480 daAuts
     D:1: 315 daAuts
     D:2: 173 daAuts
     D:4: 70 daAuts
